 Dungeon Crawl Stone Soup version 0.29.1-1-gd02db6906a (webtiles) character file.

Game seed: 7082370763672982498

176347 EvilAshe the Tortoise (level 18, 0/147 HPs)
             Began as a Human Fighter on Oct 1, 2022.
             Was an Elder of Ashenzari.
             Slain by a culicivora (10 damage)
             ... led by a broodmother
             ... on level 2 of the Lair of Beasts on Oct 2, 2022.
             The game lasted 02:16:36 (48910 turns).

EvilAshe the Tortoise (Human Fighter)              Turns: 48910, Time: 02:16:37

Health: 0/147      AC: 39    Str: 21    XL:     18   Next: 46%
Magic:  9/9        EV: 17    Int: 24    God:    Ashenzari [****..]
Gold:   1860       SH: 25    Dex: 25    Spells: 10/17 levels left

rFire   + . .      SeeInvis +   a - +2 scimitar (holy)
rCold   . . .      Faith    .   L - +0 tower shield
rNeg    + . .      Spirit   .   M - +10 plate armour "Per Aspera Ad Scientiam" {Rampage MP-9 Int+2 Dex+2, Fort, Cun} (curse)
rPois   +          Reflect  +   u - +2 helmet "Gaze Upon Infinity" {Evo, Fort} (curse)
rElec   .          Harm     .   P - +2 cloak of the Thief {*Fog Slay-2 SInv Stlth+, Cun, Melee} (curse)
rCorr   .          Rampage  +   (no gloves)
Will    +....      Clarity  +   E - +1 pair of boots "Shackled With Me" {Str+4 Int+4 Stlth+, Cun, Melee} (curse)
Stlth   ..........              N - amulet of Ashenzari's Augurer {Reflect rPois Int+2 Dex+2 SH+5, Range, Alch} (curse)
HPRegen 0.34/turn               p - ring "Uxuph" {rF+ rN+ Int+6 Dex+2}
MPRegen 0.11/turn               K - ring of the Ruined Augur {EV+4, Melee, Cun} (curse)

@: mighty
A: no striking features
}: 1/15 runes: barnacled
a: Renounce Religion, Curse Item, Shatter the Chains


You were on level 2 of the Lair of Beasts.
You worshipped Ashenzari.
Ashenzari was greatly pleased with you.
You visited 5 branches of the dungeon, and saw 25 of its levels.
You also visited: Bailey and Gauntlet.

You collected 2774 gold pieces.
You spent 914 gold pieces at shops.

Inventory:

Hand Weapons
 a - a +2 scimitar of holy wrath (weapon)
 b - the +8 sling of Past Mistakes {venom, Will++}
   (You found it on level 8 of the Dungeon)

   Any ammunition fired from it poisons the flesh of those it strikes.
   Will:      It greatly increases your willpower.
 v - a +0 scimitar of freezing
Missiles
 f - 190 stones
 s - 23 poisoned darts
 w - 14 javelins
 x - 43 boomerangs (quivered)
 B - 3 throwing nets
 C - 2 curare-tipped darts
Armour
 c - the +1 kite shield of Sif Muna's Whim {Fly}
   (You found it on level 13 of the Dungeon)

   Fly:       It grants you flight.
 u - the cursed +2 helmet "Gaze Upon Infinity" (worn) {Evo, Fort}
   (You found it on level 3 of the Dungeon)

   It has a curse which improves the following skills: Evocations: Evocations.
   Fortitude: Armour and Shields.
 E - the cursed +1 pair of boots "Shackled With Me" (worn) {Str+4 Int+4 Stlth+, Cun, Melee}
   (You acquired it on level 1 of the Lair of Beasts)

   Str:       It affects your strength (+4).
   Int:       It affects your intelligence (+4).
   Stlth:     It makes you more stealthy.
   It has a curse which improves the following skills: Cunning: Dodging and
   Stealth.
   Melee Combat: Short Blades, Long Blades, Axes, Maces & Flails, Polearms,
   Staves and Unarmed Combat.
 L - a +0 tower shield (worn)
 M - the cursed +10 plate armour "Per Aspera Ad Scientiam" (worn) {Rampage MP-9 Int+2 Dex+2, Fort, Cun}
   (You bought it in a shop on level 2 of the Shoals)

   Int:       It affects your intelligence (+2).
   Dex:       It affects your dexterity (+2).
   MP:        It affects your magic capacity (-9).
   Rampage:   It bestows one free step when moving towards enemies.
   It has a curse which improves the following skills: Fortitude: Armour and
   Shields.
   Cunning:   Dodging and Stealth.
 P - the cursed +2 cloak of the Thief (worn) {*Fog Slay-2 SInv Stlth+, Cun, Melee}
   (You found it on level 10 of the Dungeon)

   It may release a thick cloud of smoke when the wearer is hurt.
   Slay:      It affects your accuracy & damage with ranged weapons and melee
   (-2).
   SInv:      It lets you see invisible.
   Stlth:     It makes you more stealthy.
   It has a curse which improves the following skills: Cunning: Dodging and
   Stealth.
   Melee Combat: Short Blades, Long Blades, Axes, Maces & Flails, Polearms,
   Staves and Unarmed Combat.
 S - the +1 pair of gloves of Danwael {-Tele rElec rF+ rC++}
   (You found it on level 1 of the Lair of Beasts)

   rF:        It protects you from fire.
   rC:        It greatly protects you from cold.
   rElec:     It insulates you from electricity.
   -Tele:     It prevents most forms of teleportation.
Jewellery
 d - an amulet of magic regeneration
 g - a +6 ring of dexterity
 h - a ring of positive energy
 n - a ring of resist corrosion
 p - the ring "Uxuph" (left hand) {rF+ rN+ Int+6 Dex+2}
   (You found it in a Gauntlet)

   [ring of intelligence]

   Int:       It affects your intelligence (+6).
   Dex:       It affects your dexterity (+2).
   rF:        It protects you from fire.
   rN:        It protects you from negative energy.
 z - a ring of protection from fire
 H - a ring of protection from fire
 K - the cursed ring of the Ruined Augur (right hand) {EV+4, Melee, Cun}
   (You found it on level 10 of the Dungeon)

   [ring of evasion]

   EV:        It affects your evasion (+4).
   It has a curse which improves the following skills: Melee Combat: Short
   Blades, Long Blades, Axes, Maces & Flails, Polearms, Staves and Unarmed
   Combat.
   Cunning:   Dodging and Stealth.
 N - the cursed amulet of Ashenzari's Augurer (around neck) {Reflect rPois Int+2 Dex+2 SH+5, Range, Alch}
   (You took it off a kobold demonologist on level 10 of the Dungeon)

   [amulet of reflection]

   It reflects blocked missile attacks.
   Int:       It affects your intelligence (+2).
   Dex:       It affects your dexterity (+2).
   rPois:     It protects you from poison.
   SH:        It affects your SH (+5).
   It has a curse which improves the following skills: Ranged Combat: Ranged
   Weapons and Throwing.
   Alchemy:   Poison Magic and Transmutations.
 R - the amulet "Feinaf" {Rampage rElec Regen+}
   (You found it on level 5 of the Lair of Beasts)

   [amulet of regeneration]

   rElec:     It insulates you from electricity.
   Regen:     It increases your rate of health regeneration.
   Rampage:   It bestows one free step when moving towards enemies.
Wands
 e - a wand of mindburst (16)
 D - a wand of flame (63)
 I - a wand of paralysis (15)
 J - a wand of digging (19)
 U - a wand of polymorph (4)
Scrolls
 i - 6 scrolls of enchant weapon
 j - 4 scrolls of enchant armour
 o - 2 scrolls of blinking
 r - 6 scrolls of teleportation
 y - 8 scrolls of magic mapping
 G - 4 scrolls of vulnerability
 T - 3 scrolls of butterflies
Potions
 k - a potion of brilliance
 l - 2 potions of mutation
 m - 5 potions of ambrosia
 q - 3 potions of resistance
 t - 5 potions of curing
 A - 2 potions of cancellation
 O - a potion of berserk rage
 Q - a potion of might
Miscellaneous
 F - a phantom mirror
 V - a condenser vane (inert)


   Skills:
 + Level 14.6 Fighting
 - Level 14.0(17.8) Long Blades
 - Level 12.1(14.0) Ranged Weapons
 + Level 15.9(18.8) Armour
 + Level 7.5(12.2) Dodging
 + Level 8.2(11.2) Shields
 - Level 14.9 Air Magic
 + Level 2.4(4.0) Evocations


You had 10 spell levels left.
You knew the following spells:

 Your Spells              Type           Power      Damage    Failure   Level
a - Airstrike             Air            32%        2d(5-21)  13%         4
b - Swiftness             Air            64%        N/A       4%          3

Your spell library contained the following spells:

 Spells                   Type           Power      Damage    Failure   Level
 Shock                    Conj/Air       100%       1d9       28%         1
 Mephitic Cloud           Conj/Pois/Air  24%        N/A       93%         3
 Apportation              Tloc           0%         N/A       99%         1
 Magic Dart               Conj           0%         1d3       99%         1
 Sandblast                Erth           0%         2d4       99%         1
 Summon Small Mammal      Summ           0%         N/A       99%         1
 Call Imp                 Summ           0%         N/A       100%        2
 Ensorcelled Hibernation  Hex/Ice        0%         N/A       100%        2
 Passwall                 Tmut/Erth      0%         N/A       100%        2
 Call Canine Familiar     Summ           0%         N/A       100%        3
 Gell's Gravitas          Tloc           0%         N/A       100%        3
 Ozocubu's Armour         Ice            0%         N/A       100%        3
 Portal Projectile        Hex/Tloc       0%         N/A       100%        3
 Spider Form              Tmut/Pois      1%         N/A       100%        3
 Stone Arrow              Conj/Erth      0%         3d7       100%        3
 Summon Guardian Golem    Hex/Summ       0%         N/A       100%        3
 Teleport Other           Tloc           0%         N/A       100%        3
 Tukima's Dance           Hex            0%         N/A       100%        3
 Anguish                  Hex/Necr       0%         N/A       100%        4
 Animate Dead             Necr           0%         N/A       100%        4
 Corpse Rot               Necr/Pois/Air  24%        N/A       100%        4
 Dispel Undead            Necr           0%         3d6       100%        4
 Fulminant Prism          Conj/Hex       0%         3d6       100%        4
 Iskenderun's Mystic Bla  Conj/Tloc      0%         2d3       100%        4
 Petrify                  Tmut/Erth      0%         N/A       100%        4
 Alistair's Intoxication  Tmut/Pois      0%         N/A       100%        5
 Blade Hands              Tmut           0%         N/A       100%        5
 Freezing Cloud           Conj/Ice/Air   11%        6-21      100%        5
 Lee's Rapid Deconstruct  Erth           0%         3d5*      100%        5
 Metabolic Englaciation   Hex/Ice        0%         N/A       100%        5
 Summon Forest            Summ/Tloc      0%         N/A       100%        5
 Summon Mana Viper        Hex/Summ       0%         N/A       100%        5
 Death Channel            Necr           0%         N/A       100%        6
 Dispersal                Tloc           0%         N/A       100%        6
 Eringya's Noxious Bog    Tmut/Pois      0%         N/A       100%        6
 Simulacrum               Ice/Necr       0%         N/A       100%        6
 Statue Form              Tmut/Erth      0%         N/A       100%        6
 Summon Cactus Giant      Summ           0%         N/A       100%        6
 Haunt                    Necr/Summ      0%         N/A       100%        7
 Ozocubu's Refrigeration  Ice            0%         4d7       100%        7
 Summon Hydra             Summ           0%         N/A       100%        7
 Borgnjor's Revivificati  Necr           0%         N/A       100%        8
 Infestation              Necr           0%         N/A       100%        8
 Necromutation            Tmut/Necr      0%         N/A       100%        8
 Death's Door             Necr           0%         N/A       100%        9
 Polar Vortex             Ice            0%         N/A       100%        9


Dungeon Overview and Level Annotations

Branches:
Dungeon (13/15)            Temple (0/1) D:5            Lair (5/5) D:10
 Shoals (4/4) Lair:2       Spider (1/4) Lair:2        Slime (0/5) Lair:4
    Orc (2/2) D:12            Elf (0/3) Orc:2        Vaults (0/5) D:13
 Bailey (visited)         Gauntlet (visited)

Altars:
Ashenzari
Makhleb
Okawaru
Qazlal
Sif Muna
Trog
Yredelemnul
Jiyva

Shops:
D:1 =   D:3 *   D:5 *?*   D:11 =   Orc:2 :*[:(   Shoals:2 *

Annotations:
D:2 1 runed translucent door, Crazy Yiuf
Orc:1 1 runed translucent door


Message History

You completely miss the broodmother.
The broodmother is almost dead.
The jumping spider disappears in a puff of smoke!
You block the wolf spider's attack. x2; The redback barely misses you.
The redback bites you but does no damage.
The wolf spider barely misses you.
The wolf spider bites you but does no damage.
The culicivora barely misses you.
The jumping spider leaps!
You block the broodmother's attack.
The culicivora bites you but does no damage.
You block the redback's attack. The wolf spider barely misses you.
The wolf spider misses you.
You slash the broodmother!
The broodmother is almost dead.
You block the culicivora's attack. You block the wolf spider's attack. x2
You block the redback's attack. You block the culicivora's attack.
The wolf spider hits you but does no damage.
The wolf spider barely misses you. You block the broodmother's attack.
The redback bites you but does no damage.
The culicivora bites you but does no damage.
The wolf spider barely misses you.
The wolf spider bites you but does no damage.
The redback bites you!
* * * LOW HITPOINT WARNING * * *
You slice the broodmother!!
You kill the broodmother!
The redback disappears in a puff of smoke!
The orb spider disappears in a puff of smoke!
The culicivora disappears in a puff of smoke!
The jumping spider disappears in a puff of smoke!
The wolf spider disappears in a puff of smoke! x2
The redback disappears in a puff of smoke!
You block the culicivora's attack.
You hit the culicivora.
The culicivora is heavily wounded.
You block the culicivora's attack.
You hit the culicivora.
The culicivora is heavily wounded.
The culicivora bites you!
You die...

.................................
.................................
................P........#..###..
.................##.....#####....
.............~~~.~~~....####.....
............~.~~§~~.~~#### #.....
............~~§~.~.~~#### #.....
............~~~§§†~~~# #.....
...............†@§...# #.....
............~~~§.s~~~# #.....
............~~)~.~.~~# ##....
.........>..~.~~.~~.~# #.#...
.........§...~~~.~~~.# ###...
..........§........### ###...#
...................# #......
...................## ##.....
....................###### ##....


You could see a culicivora.

Vanquished Creatures
  Rupert (Lair:5)
  Gastronok (D:8)
  2 krakens
  Polyphemus (Shoals:2)
  Kirke (Shoals:4)
  Ilsuiw (Shoals:2)
  An orc warlord (Orc:2)
  A broodmother (Lair:2)
  4 dire elephants
  A minotaur (Gauntlet)
  6 merfolk impalers
  2 merfolk javelineers
  4 hydras
  2 boulder beetles (D:13)
  A catoblepas (Shoals:3)
  2 rakshasas
  2 vault guards (D:13)
  5 centaur warriors
  5 merfolk aquamancers (Shoals:4)
  2 satyrs
  4 merfolk avatars
  5 two-headed ogres
  2 alligator snapping turtles (Shoals:4)
  9 death yaks
  4 orc high priests
  Urug (Lair:1)
  2 spectral death yaks (Lair:5)
  4 sixfirhies (Gauntlet)
  A spectral anaconda (Lair:5)
  7 sea snakes
  An obsidian statue (Lair:5)
  4 necromancers
  2 deep elf pyromancers (D:12)
  28 harpies
  4 orc knights
  10 cyclopes
  17 fauns
  3 wolf spiders
  17 manticores
  5 orc sorcerers (Orc:2)
  2 ugly things
  6 black mambas
  17 merfolk sirens
  11 elephants
  7 water nymphs
  A dire elephant zombie (Lair:5)
  A dire elephant skeleton (Lair:5)
  Maggie (Lair:2)
  3 gargoyles
  11 cane toads
  A yaktaur (D:10)
  A freezing wraith (D:11)
  6 komodo dragons
  A rime drake (Lair:4)
  2 kobold demonologists (D:10)
  A tengu conjurer (D:10)
  5 meliai
  A polar bear (shapeshifter) (D:13)
  6 trolls
  Grinder (D:3)
  4 polar bears
  A queen bee (D:11)
  6 blink frogs (Lair:3)
  A hornet (D:9)
  20 merfolk
  A slime creature (D:11)
  15 snapping turtles
  8 wind drakes
  2 spectral elephants (Lair:5)
  A jumping spider (Lair:2)
  5 dream sheep
  Sigmund (D:2)
  2 shadows (D:11)
  2 hogs
  2 wraiths (D:11)
  A vampire (D:12)
  60 yaks
  A fire elemental (Lair:1)
  4 water elementals
  5 wyverns
  A steam dragon (Shoals:1)
  3 basilisks
  10 humans (D:13)
  14 vampire mosquitoes
  A redback (Lair:2)
  Menkaure (D:5)
  2 wargs (Orc:2)
  2 spectral cane toads (Lair:5)
  13 water moccasins
  3 acid dragons
  40 orc warriors
  2 black bears
  An ice beast (D:7)
  16 wolves
  5 ogres
  3 elephant skeletons (Lair:5)
  6 centaurs
  3 phantoms (D:5)
  7 kobold brigands
  2 necrophages
  A gnoll sergeant (D:9)
  9 bullfrogs
  7 scorpions
  A wyvern zombie (D:8)
  4 elephant simulacra (Lair:5)
  30 killer bees (D:11)
  4 electric eels
  5 howler monkeys
  A centaur zombie (D:8)
  A lava snake (Lair:1)
  5 hounds
  2 jellies
  32 orc priests
  A gnoll bouda (D:7)
  Natasha (thrice) (D:3)
  4 iguanas
  33 orc wizards
  15 gnolls
  3 adders
  4 shadow imps
  7 worms
  2 dart slugs
  100 orcs
  10 endoplasms
  3 giant cockroaches
  3 hobgoblins
  6 jackals
  5 quokkas
  8 ball pythons
  4 bats
  6 frilled lizards
  4 goblins
  38 kobolds
  9 rats
907 creatures vanquished.

Vanquished Creatures (others)
  A deep elf pyromancer (D:12)
  A human (Shoals:4)
  A spectral cane toad (Lair:5)
  24 fungi
  92 plants
  66 tentacles
  46 withered plants
231 creatures vanquished.

Grand Total: 1138 creatures vanquished

Notes
Turn   | Place    | Note
-------+----------+-------------------------------------------
     0 | D:1      | EvilAshe the Human Fighter began the quest for the Orb.
     0 | D:1      | Reached XP level 1. HP: 18/18 MP: 1/1
   122 | D:1      | Reached XP level 2. HP: 24/24 MP: 2/2
   221 | D:1      | You fall into a shaft and drop 1 floor!
   224 | D:2      | Found a runed translucent door.
   225 | D:2      | Noticed Crazy Yiuf
   524 | D:2      | Reached XP level 3. HP: 29/29 MP: 3/3
  1038 | D:1      | Found Iffiyx's Jewellery Shop.
  1132 | D:1      | Found a faded altar of an unknown god.
  1635 | D:2      | Reached XP level 4. HP: 35/35 MP: 4/4
  1672 | D:2      | Noticed Sigmund
  1696 | D:2      | Killed Sigmund
  1697 | D:2      | Reached skill level 5 in Long Blades
  1697 | D:2      | Reached XP level 5. HP: 34/41 MP: 5/5
  1697 | D:2      | Reached XP level 6. HP: 39/47 MP: 6/6
  1998 | D:3      | Noticed Natasha
  2008 | D:3      | Killed Natasha
  2073 | D:3      | Noticed Natasha
  2087 | D:3      | Killed Natasha
  2453 | D:3      | Found Vafisty's General Store.
  2475 | D:3      | Bought a potion of curing for 42 gold pieces
  2475 | D:3      | Bought a scroll of identify for 28 gold pieces
  2515 | D:3      | Noticed Grinder
  2756 | D:3      | Paralysed by Grinder for 5 turns
  2763 | D:3      | Paralysed by Grinder for 5 turns
  2786 | D:3      | Paralysed by Grinder for 5 turns
  2797 | D:3      | Killed Grinder
  2798 | D:3      | Reached XP level 7. HP: 30/52 MP: 7/7
  3057 | D:3      | Noticed Natasha
  3065 | D:3      | Killed Natasha
  3848 | D:4      | Found a broken altar of Ashenzari.
  3855 | D:4      | Reached XP level 8. HP: 58/58 MP: 8/8
  4219 | D:4      | Became a worshipper of Ashenzari the Shackled
  4261 | D:5      | Entered Level 5 of the Dungeon
  4486 | D:5      | Noticed Menkaure
  4636 | D:5      | Killed Menkaure
  4637 | D:5      | Reached skill level 4 in Armour
  5386 | D:5      | Found a staircase to the Ecumenical Temple.
  5575 | D:5      | Found Titovvye's Assorted Antiques.
  5594 | D:5      | Reached XP level 9. HP: 67/67 MP: 9/9
  5629 | D:4      | Reached skill level 5 in Fighting
  5629 | D:4      | Reached skill level 5 in Armour
  5833 | D:5      | Found Jeameqosm's Magic Scroll Shoppe.
  5841 | D:5      | Bought a scroll of teleportation for 30 gold pieces
  5841 | D:5      | Bought a scroll of teleportation for 30 gold pieces
  5852 | D:5      | Found Oqyt's Assorted Antiques.
  7253 | D:6      | Reached skill level 6 in Armour
  7533 | D:6      | Found a shimmering blue altar of Sif Muna.
  8410 | D:7      | Reached skill level 10 in Long Blades
  8520 | D:7      | Found a flagged portal.
  8617 | Bailey   | Entered a bailey
  8730 | Bailey   | Reached XP level 10. HP: 77/77 MP: 7/10
  9479 | D:7      | Reached skill level 7 in Armour
 10138 | D:7      | Found the +7 staff of the Meek {protect, meekguard}
 10546 | D:8      | Identified the +8 sling of Past Mistakes {venom, Will++}
 10695 | D:8      | Learned a level 3 spell: Swiftness
 10832 | D:8      | Noticed Gastronok
 10883 | D:8      | Killed Gastronok
 11185 | D:8      | Noticed a manticore
 11207 | D:8      | Killed a manticore
 11208 | D:8      | Reached skill level 8 in Armour
 11482 | D:8      | Found a basalt altar of Yredelemnul.
 11756 | D:8      | Reached XP level 11. HP: 52/86 MP: 8/11
 12936 | D:9      | Reached skill level 9 in Armour
 12936 | D:9      | Reached XP level 12. HP: 92/92 MP: 12/12
 12951 | D:10     | Entered Level 10 of the Dungeon
 13364 | D:10     | Noticed a two-headed ogre
 13366 | D:10     | Noticed a two-headed ogre
 13446 | D:10     | Reached skill level 10 in Armour
 13752 | D:10     | Killed a two-headed ogre
 13894 | D:10     | Found a staircase to the Lair.
 14286 | D:10     | Found a burning altar of Makhleb.
 14287 | D:10     | Found an iron altar of Okawaru.
 14287 | D:10     | Found a stormy altar of Qazlal.
 14287 | D:10     | Found a burning altar of Makhleb.
 14295 | D:10     | Identified the amulet "Esisam" {Reflect rPois Int+2 Dex+2
                  | SH+5}
 14495 | D:10     | Noticed a sixfirhy
 14684 | D:10     | Noticed a sixfirhy
 15071 | D:10     | Noticed a centaur warrior
 15095 | D:10     | Killed a centaur warrior
 15096 | D:10     | Identified the +4 arbalest of Duocvylo {vorpal, rC+ Str+2}
 15619 | D:10     | Killed a two-headed ogre
 15620 | D:10     | Reached skill level 1 in Air Magic
 15848 | D:10     | Found the +2 cloak of the Thief {*Fog Slay-2 SInv Stlth+}
 15848 | D:10     | Noticed a seven-headed hydra
 15883 | D:10     | Killed a seven-headed hydra
 15884 | D:10     | Reached XP level 13. HP: 8/98 MP: 0/13
 16569 | D:10     | Found a bloodstained altar of Trog.
 17389 | D:11     | Reached skill level 11 in Armour
 17463 | D:11     | Noticed a rakshasa
 17760 | D:11     | Reached skill level 5 in Air Magic
 18170 | D:11     | Found Izokk's Jewellery Shop.
 19022 | D:11     | Reached * piety under Ashenzari
 19028 | D:11     | Killed a rakshasa
 19830 | D:12     | Noticed a rakshasa
 19865 | D:12     | Killed a rakshasa
 19866 | D:12     | Reached XP level 14. HP: 80/109 MP: 14/14
 19991 | D:12     | Found a staircase to the Orcish Mines.
 20103 | D:12     | Reached skill level 10 in Fighting
 20194 | D:12     | Reached skill level 12 in Armour
 20903 | Lair:1   | Entered Level 1 of the Lair of Beasts
 21079 | Lair:1   | Noticed Urug
 21109 | Lair:1   | Killed Urug
 21443 | Lair:1   | Identified a scroll of acquirement
 21779 | Lair:1   | Reached skill level 10 in Ranged Weapons
 21803 | Lair:1   | Identified the +1 pair of gloves of Danwael {-Tele rElec
                  | rF+ rC++}
 22218 | Lair:2   | Reached ** piety under Ashenzari
 22258 | Lair:2   | Noticed Maggie
 22277 | Lair:2   | Killed Maggie
 22674 | Lair:2   | Found a hole to the Spider Nest.
 23071 | Lair:2   | Found a staircase to the Shoals.
 23172 | Lair:1   | Acquired the +1 pair of boots of the Kangaroo {Str+4 Int+4
                  | Stlth+}
 23512 | Lair:2   | Reached skill level 10 in Air Magic
 23697 | Lair:2   | Reached *** piety under Ashenzari
 25734 | Lair:4   | Found a viscous altar of Jiyva.
 25735 | Lair:4   | Found a staircase to the Slime Pits.
 26162 | Lair:4   | Reached skill level 13 in Armour
 26477 | Lair:4   | Reached **** piety under Ashenzari
 26821 | Lair:5   | Entered Level 5 of the Lair of Beasts
 26937 | Lair:5   | Noticed Rupert
 26948 | Lair:4   | Reached XP level 15. HP: 119/119 MP: 15/15
 27573 | Lair:5   | Killed Rupert
 28849 | Lair:5   | Learned a level 4 spell: Airstrike
 30280 | Lair:5   | Identified the amulet "Feinaf" {Rampage rElec Regen+}
 32428 | D:13     | Found a gate leading to a gauntlet.
 32439 | Gauntlet | Entered a Gauntlet
 32439 | Gauntlet | Found a transporter.
 32439 | Gauntlet | Found a large runed translucent door.
 32439 | Gauntlet | Found a large runed translucent door.
 32439 | Gauntlet | Found a large runed translucent door.
 32439 | Gauntlet | Found a large runed translucent door.
 32439 | Gauntlet | Found a runed translucent door.
 32439 | Gauntlet | Found a runed translucent door.
 32439 | Gauntlet | Found a large runed translucent door.
 32439 | Gauntlet | Found a large runed translucent door.
 32439 | Gauntlet | Found a large runed translucent door.
 32439 | Gauntlet | Found a large runed translucent door.
 32439 | Gauntlet | Found a large runed translucent door.
 32439 | Gauntlet | Found a large runed translucent door.
 32440 | Gauntlet | Found a large runed translucent door.
 32440 | Gauntlet | Found a large runed translucent door.
 32444 | Gauntlet | Found a large runed translucent door.
 32444 | Gauntlet | Found a large runed translucent door.
 32445 | Gauntlet | Found a runed translucent gate.
 32445 | Gauntlet | Found a runed translucent gate.
 32445 | Gauntlet | Found a runed translucent gate.
 32447 | Gauntlet | Found a transporter.
 32449 | Gauntlet | Found a transporter.
 32460 | Gauntlet | Found a transporter.
 32471 | Gauntlet | Found a transporter.
 32476 | Gauntlet | Found a transporter.
 32491 | Gauntlet | Found a transporter.
 32510 | Gauntlet | Found a transporter.
 32511 | Gauntlet | Identified the ring "Uxuph" {rF+ rN+ Int+6 Dex+2}
 32522 | Gauntlet | Found a transporter.
 32533 | Gauntlet | Identified the ring "Yrrucouf" {rPois rF+ rC- Stlth+}
 32534 | Gauntlet | Found a transporter.
 32542 | Gauntlet | Noticed a reaper
 32546 | Gauntlet | Found a transporter.
 32558 | Gauntlet | Found a transporter.
 32575 | Gauntlet | Found a transporter.
 32592 | Gauntlet | Found a transporter.
 32594 | Gauntlet | Found a transporter.
 32618 | Gauntlet | Found a large runed translucent door.
 32618 | Gauntlet | Found a large runed translucent door.
 32631 | Gauntlet | Found a transporter.
 32631 | Gauntlet | Found a transporter.
 33026 | Gauntlet | Identified the +0 broad axe "Zaegozut" {antimagic, Str+2}
 33045 | Gauntlet | Reached skill level 14 in Armour
 33311 | D:13     | Reached XP level 16. HP: 100/129 MP: 16/16
 33362 | D:13     | Found a gate to the Vaults.
 33646 | D:13     | HP: 6/129 [meliai/+2 war axe of electrocution (16)]
 34616 | D:13     | HP: 3/129 [meliai/divine providence (11)]
 34619 | D:13     | HP: 1/129 [meliai/+0 hand axe (3)]
 35145 | D:13     | Reached skill level 1 in Dodging
 35278 | D:13     | Identified the +1 kite shield of Sif Muna's Whim {Fly}
 35471 | Shoals:1 | Entered Level 1 of the Shoals
 36826 | Shoals:1 | Noticed a kraken
 36890 | Shoals:1 | Killed a kraken
 37609 | Shoals:2 | Found Votoann's Assorted Antiques.
 38174 | Shoals:2 | Noticed Ilsuiw
 38223 | Shoals:2 | Killed Ilsuiw
 38224 | Shoals:2 | Reached skill level 5 in Shields
 39184 | Shoals:2 | Reached XP level 17. HP: 124/137 MP: 17/17
 39745 | Shoals:2 | Reached skill level 15 in Armour
 40108 | Shoals:2 | Bought a bronze plate armour for 784 gold pieces
 40108 | Shoals:2 | Identified the +10 plate armour of Veaschie {Rampage MP-9
                  | Int+2 Dex+2} (You bought it in a shop on level 2 of the
                  | Shoals)
 40272 | Shoals:2 | Reached skill level 5 in Dodging
 41145 | Shoals:3 | Noticed Polyphemus
 41168 | Shoals:3 | Noticed a kraken
 41237 | Shoals:2 | Killed Polyphemus
 41844 | Shoals:3 | Killed a kraken
 42272 | Shoals:4 | Entered Level 4 of the Shoals
 42483 | Shoals:4 | Noticed Kirke
 42492 | Shoals:4 | Killed Kirke
 44082 | Shoals:4 | Identified the ring of Xom's Amusement {rCorr EV+4 Str+4}
 44951 | Shoals:4 | Reached XP level 18. HP: 94/146 MP: 9/18
 45424 | Shoals:4 | Got a barnacled rune of Zot
 46001 | Orc:1    | Entered Level 1 of the Orcish Mines
 46325 | Orc:1    | Found a runed translucent door.
 46327 | Orc:1    | Identified the +0 cloak of Temperance {rN+ Str+8 Int+2
                  | Stlth-}
 46431 | Orc:2    | Entered Level 2 of the Orcish Mines
 46646 | Orc:2    | Found Qoull's Book Emporium.
 46907 | Orc:1    | Reached skill level 1 in Evocations
 47749 | Orc:2    | Found a staircase to the Elven Halls.
 48470 | Orc:2    | Found Tonestaa's Antique Armour Boutique.
 48471 | Orc:2    | Found Watwec's Antique Weapon Shop.
 48472 | Orc:2    | Found Ongimanwe's General Store.
 48472 | Orc:2    | Found Xiddox's Book Boutique.
 48813 | Spider:1 | Entered Level 1 of the Spider Nest
 48813 | Spider:1 | Found the +10 tower shield of Ignorance {rN+ Int-4}
 48910 | Lair:2   | Slain by a culicivora

Illustrated notes

Levels and vault maps discovered:
D:1:      tarquinn_simple_flora_water_d, layout_basic, serial_shops, shop,
          hellmonk_ecumenical_altar_lost_god, minivault_11, minivault_27,
          chequers_serial_rivers_room_a, grunt_decor_resistance
D:2:      minmay_evil_eye, layout_basic, uniq_sigmund, uniq_crazy_yiuf_cottage
D:3:      layout_basic, serial_shops,
          nicolae_shop_temple_entry_statues_fountains, uniq_grinder,
          uniq_natasha
D:4:      layout_cave_pools, ashenzari_conservatory_becter
D:5:      layout_layer_cave, minmay_temple_entry_statues_fountains,
          serial_shops, shop, nicolae_square_shop, nicolae_diamond_shop,
          solitary_fountain, minmay_manual_mess, uniq_menkaure
D:6:      layout_rooms, lemuel_blue_sif_altar, minivault_14
D:7:      layout_basic, enter_bailey_6, minmay_crystal_room,
          pf_guarded_unrand_meek
D:8:      layout_loops_ring, lemuel_zombie_altar_yredelemnul, uniq_gastronok
D:9:      layout_basic
D:10:     minmay_the_grid_octo_2x2 [minmay_the_grid_octo_shrine,
          minmay_the_grid_octo_tetromino_candy,
          minmay_the_grid_octo_vomiting_pacman,
          minmay_the_grid_octo_prize_star], layout_basic, tgw_trog,
          david_lair_shrubbed, serial_co_window_serial, co_window_corner_a,
          co_window_corner_a, co_window_paths_b, co_window_corner_a,
          co_window_of_opportunity_a, co_window_corner_ca, co_window_2corner,
          co_window_corner_cb, co_window_broadway_b, co_window_paths_d,
          glass_columns_a, glass_columns_b, glass_columns_a
D:11:     regret_index_combs_of_tragedy, layout_long_grid, serial_shops, shop,
          minivault_27
D:12:     layout_cave_pools, david_orc_4, hangedman_decor_peaks_small,
          fungi_pond_lemuel
D:13:     layout_roguey, ximxim_vaults_locker_room, gauntlet_entry_generic,
          portal_ice_cave_entry_pillars_1, minmay_fractal_squares_gapless_5
Lair:1:   layout_gridlike, grunt_forest_small_clearing_treed, uniq_urug
Lair:2:   layout_cave_shapes, shoals_dummy_entry, spider_nest_entry_a,
          serial_rivers, chequers_serial_rivers_marsh,
          chequers_serial_rivers_micro_b, chequers_serial_rivers_room_b,
          chequers_serial_rivers_micro_c, grunt_megastairs_5,
          serial_bayou_shore_a, uniq_maggie
Lair:3:   layout_hall_layers, lemuel_fruit_tree, infiniplex_staircase_pool_2,
          grunt_megastairs_3
Lair:4:   layout_regular_city, slime_entry_1
Lair:5:   due_jungle_book, layout_cave_pods, uniq_rupert
Shoals:1: layout_shoals, nicolae_shoals_lost_giant_hut,
          nicolae_shoals_land_atoll, nicolae_shoals_siren_and_animal_friends
Shoals:2: layout_shoals, nicolae_stop_n_shop_1, uniq_ilsuiw
Shoals:3: layout_shoals, nicolae_shoals_lost_giant_baths, uniq_polyphemus
Shoals:4: shoals_end_hangedman, layout_shoals, shoal_ilsuiw, uniq_kirke
Spider:1: layout_spider_delve, hangedman_spider_tarantella_strand, uniq_louise,
          uniq_frances, uniq_jorgrun, uniq_agnes
Orc:1:    dreamdust_dug_too_deep, layout_caves, nicolae_orc_rich_vein
Orc:2:    st_orc_congregation, layout_caves, serial_shops,
          nicolae_shop_hallway_plus, basic_altar

Skill      XL: |  1  2  3  4  5  6  7  8  9 10 11 12 13 14 15 16 17 18 |
---------------+-------------------------------------------------------+-----
Long Blades    | 3 4 5 7 8 9 10 11 13 14 | 14.0
Fighting       | 4 6 8 9 11 12 13 14 | 14.6
Armour         | 4 6 8 9 10 11 13 14 15 | 15.9
Ranged Weapons | 3 6 7 9 10 12 | 12.1
Air Magic      | 2 7 11 13 14 | 14.9
Dodging        | 4 6 7 |  7.5
Shields        | 5 7 8 |  8.2
Evocations     | 2 |  2.4

Action                   |  1- 3 |  4- 6 |  7- 9 | 10-12 | 13-15 | 16-18 || total
-------------------------+-------+-------+-------+-------+-------+-------++-------
Melee: Long sword        |    98 |   120 |   409 |   477 |       |       ||  1104
       Scimitar          |       |       |       |    60 |  1502 |  1357 ||  2919
 Fire: Sling             |       |       |       |    73 |   385 |   815 ||  1273
Throw: Dart              |     2 |     6 |    33 |    16 |       |       ||    57
       Stone             |       |       |    10 |       |       |       ||    10
       Boomerang         |       |       |    37 |    20 |     3 |     7 ||    67
       Javelin           |       |       |     2 |       |       |       ||     2
 Cast: Swiftness         |       |       |       |       |     1 |     1 ||     2
       Airstrike         |       |       |       |       |       |     1 ||     1
Invok: Curse Item        |       |       |       |     1 |     5 |     1 ||     7
       Shatter the Chain |       |       |       |       |       |     1 ||     1
Evoke: Wand              |       |       |       |     3 |    12 |     6 ||    21
       Phantom mirror    |       |       |       |       |       |     1 ||     1
       Condenser vane    |       |       |       |       |       |     1 ||     1
  Use: Potion            |       |     2 |     7 |     2 |     5 |     7 ||    23
       Scroll            |       |     4 |     9 |     6 |    11 |     7 ||    37
 Stab: Paralysed         |       |       |       |       |     7 |       ||     7
       Invisible         |       |       |       |       |       |     2 ||     2
Armor: Scale mail        |     2 |       |       |       |       |       ||     2
       Chain mail        |    42 |    55 |   207 |    74 |   393 |   288 ||  1059
       Plate armour      |       |       |       |   271 |   260 |   323 ||   854
Dodge: Dodged            |    26 |    26 |    94 |   127 |   490 |   754 ||  1517
Block: Buckler           |    15 |    23 |   113 |   144 |   765 |    91 ||  1151
       Reflection        |       |       |       |       |    13 |    75 ||    88
       Kite shield       |       |       |       |       |       |  1335 ||  1335
       Tower shield      |       |       |       |       |       |   401 ||   401
